 Dungeon Crawl Stone Soup version 0.24-b1 (webtiles) character file.

Game seed: 13602557716541823268, levelgen mode: deterministic

430 HumanIsDead the Conjurer (level 7, 0/46 HPs)
             Began as a Human Fire Elementalist on Oct 12, 2019.
             Slain by an orc wizard
             ... wielding a +0 dagger
              (5 damage)
             ... on level 4 of the Dungeon.
             The game lasted 00:11:08 (3419 turns).

HumanIsDead the Conjurer (Human Fire Elementalist)  Turns: 3419, Time: 00:11:08

Health: 0/46       AC:  3    Str:  8    XL:     7   Next: 19%
Magic:  8/10       EV: 12    Int: 17    God:
Gold:   192        SH:  0    Dex: 14    Spells: 2/10 levels left

rFire    . . .     SeeInvis .   e - +3 short sword
rCold    . . .     Gourm    .   (no shield)
rNeg     . . .     Faith    .   y - +0 leather armour
rPois    .         Spirit   .   (no helmet)
rElec    .         Reflect  .   (no cloak)
rCorr    .         Harm     .   (no gloves)
MR       .....                  (no boots)
Stlth    ++........             (no amulet)
HPRegen  0.15/turn              (no ring)
MPRegen  0.12/turn              (no ring)

@: slowed, very slow
A: no striking features
a: no special abilities


You were on level 4 of the Dungeon.
You were not hungry.

You visited 1 branch of the dungeon, and saw 4 of its levels.

You collected 192 gold pieces.

Inventory:

Hand Weapons
 e - a +3 short sword (weapon)
 x - a +1 mace of venom
 z - the +5 trident "Killer Klown's Peril" {pierce, rElec rF+ rN+, unknown}
   (You found it on level 4 of the Dungeon)

   It inflicts extra damage upon your enemies.
   It protects you from fire.
   It insulates you from electricity.
   It protects you from negative energy.
Missiles
 d - 146 stones (quivered)
 f - 12 poisoned darts
Armour
 a - a +0 robe
 y - a +0 leather armour (worn)
Jewellery
 b - an uncursed ring of protection from cold {unknown}
 o - an uncursed ring of ice {unknown}
Scrolls
 g - a scroll of fear {unknown}
 j - 2 scrolls of enchant weapon {unknown}
 l - 2 scrolls of magic mapping {unknown}
 m - a scroll of enchant armour {unknown}
 p - a scroll of remove curse {unknown}
 q - a scroll of blinking {unknown}
 r - a scroll of noise {unknown}
 t - a scroll of immolation {unknown}
 u - 4 scrolls of identify {unknown}
 v - a scroll of fog {unknown}
Potions
 h - a potion of ambrosia {unknown}
 i - a potion of might {unknown}
 k - 3 potions of brilliance {unknown}
 n - a potion of lignification {unknown}
 s - a potion of heal wounds {unknown}
Comestibles
 c - 6 rations


   Skills:
 - Level 2.0 Dodging
 - Level 2.0 Stealth
 - Level 2.0 Spellcasting
 + Level 5.4 Conjurations
 + Level 5.2 Fire Magic


You had 2 spell levels left.
You knew the following spells:

 Your Spells              Type           Power        Failure   Level  Hunger
a - Flame Tongue          Conj/Fire      ###..        3%          1    #......
b - Conjure Flame         Conj/Fire      ###.....     10%         3    ###....
c - Sticky Flame          Conj/Fire      ###.....     30%         4    #####..

Your spell library contained the following spells:

 Spells                   Type           Power        Failure   Level  Hunger
 Throw Flame              Conj/Fire      ###...       4%          2    ###....
 Inner Flame              Hex/Fire       ##......     28%         3    ###....
 Fireball                 Conj/Fire      ###.......   65%         5    ######.


Dungeon Overview and Level Annotations

Branches:
Dungeon (4/15)
 Temple: D:4-7

Altars:
Uskayaw


Message History

Aim: an orc, wielding a +0 flail and wearing a +0 leather armour (lightly wounded)
The flame tongue hits the orc.
The orc is almost dead.
The orc wizard points at you and mumbles some strange words.
The magic dart hits you!
* * * LOW HITPOINT WARNING * * *
The orc wizard hits you with a +0 dagger.
* * * LOW HITPOINT WARNING * * *
The orc hits you but does no damage.
The orc wizard hits you but does no damage.
Casting: Flame Tongue (safe; 3% risk of failure)
Confirm with . or Enter, or press ? or * to list all spells.
Aiming: Flame Tongue (safe; 3% risk of failure)
Press: ? - help, Shift-Dir - straight line, f - orc wizard, p - orc
Aim: an orc wizard, wielding a +0 dagger and wearing a +0 robe (fast)
The flame tongue misses the orc wizard.
The orc wizard closely misses you. The orc hits you with a +0 dagger.
* * * LOW HITPOINT WARNING * * *
The orc wizard hits you with a +0 dagger.
You die...

##...........## ##...........
#.............#####..........
##...............#####.......
#....##.....##....####.......
##...##......###.....#...#...
#####......## ##.......###..
##..#.#..## ##..##.o.##..
#.....#...# #.o####.>###.
#....##o@## ##.# #....##.
##....###o# #..###....##.
#..#####.o## #...#####..#.
#.....#.#..####o## #..#.
##....#....##...# ##)#.
###..#.##.รท....##. #....
#....###...........###.
##...# #........#.. #. #####
##########..####


You could see an orc wizard and 2 orcs.

Vanquished Creatures
  Menkaure (D:4)
  An orc priest (D:2)
  An orc wizard (D:4)
  A centaur skeleton (D:4)
  Natasha (thrice) (D:4)
  6 adders
  3 oozes
  A worm (D:2)
  2 dart slugs (D:1)
  2 leopard geckos
  7 orcs
  4 giant cockroaches
  4 goblins
  10 hobgoblins
  6 jackals
  A quokka (D:3)
  4 ball pythons (D:2)
  4 bats
  4 frilled lizards
  6 kobolds
  A leopard gecko skeleton (D:4)
  8 rats
80 creatures vanquished.

Notes
Turn   | Place    | Note
-------+----------+-------------------------------------------
     0 | D:1      | HumanIsDead the Human Fire Elementalist began the quest for
                  | the Orb.
     0 | D:1      | Reached XP level 1. HP: 13/13 MP: 3/3
   335 | D:1      | Reached XP level 2. HP: 9/19 MP: 5/5
   722 | D:1      | Reached XP level 3. HP: 21/24 MP: 6/6
   751 | D:1      | Learned a level 3 spell: Conjure Flame
  1244 | D:2      | Reached XP level 4. HP: 21/30 MP: 7/7
  2046 | D:2      | Reached XP level 5. HP: 33/35 MP: 6/8
  2537 | D:3      | Reached skill level 5 in Fire Magic
  2908 | D:4      | Noticed Natasha
  2912 | D:4      | Killed Natasha
  2912 | D:4      | Reached XP level 6. HP: 41/41 MP: 4/9
  2926 | D:4      | Noticed Natasha
  2933 | D:4      | Killed Natasha
  2944 | D:4      | Noticed Menkaure
  3005 | D:3      | Learned a level 4 spell: Sticky Flame
  3093 | D:4      | Found a hide-covered altar of Uskayaw.
  3104 | D:4      | Noticed Natasha
  3110 | D:4      | Killed Natasha
  3180 | D:4      | Killed Menkaure
  3180 | D:4      | Reached skill level 5 in Conjurations
  3180 | D:4      | Reached XP level 7. HP: 46/46 MP: 4/10
  3231 | D:4      | Got a scorched trident
  3419 | D:4      | Slain by an orc wizard

Skill      XL: |  1  2  3  4  5  6 |
---------------+-------------------+-----
Conjurations   | 2 3 5 |  5.4
Fire Magic     | 4 5 |  5.2
Dodging        | |  2.0
Stealth        | |  2.0
Spellcasting   | |  2.0

Action                   |  1- 3 |  4- 6 |  7- 9 || total
-------------------------+-------+-------+-------++-------
Melee: Unarmed           |    11 |       |       ||    11
       Short sword       |    60 |    73 |    18 ||   151
 Cast: Flame Tongue      |     7 |    57 |     8 ||    72
 Stab: Sleeping          |     2 |     3 |       ||     5
       Distracted        |       |     1 |       ||     1
  Eat: Chunk             |     1 |     7 |     1 ||     9
Armor: Robe              |     8 |    15 |       ||    23
       Leather armour    |       |     3 |     7 ||    10
Dodge: Dodged            |    52 |    58 |    17 ||   127
